AoeStats
← lacheisleuk

Black Forest

510324276Analyzed
2v2 RM · 2d ago on Sep 30, 2026· 58m 23s· 4 players
Game mode
Random Map
Map size
Medium (4 player)
Population
200
Speed
Normal
Resources
Standard
Victory
Conquest
Starting age
Dark Age
Ending age
Imperial Age
RankedLock teamsTeams togetherTeam positionsShared explorationLock speedFull tech treeHidden civsTurbo modeCheats
Victory
Defeat
🇨🇱 Varangians · Chile
1066
+12
🇦🇷 Teutons · Argentina
1045
+13
🇨🇦 Ethiopians · Canada
988
-14
🇳🇱 Romans · Netherlands
951
-11
Gore1021
0:31 Loom
11:58 Feudal Age
12:30 Double-Bit Axe
21:08 Castle Age
19:37 Fletching
20:23 Scale Mail Armor
20:49 Stone Mining
21:02 Horse Collar
22:35 Squires
22:39 Crossbowman
24:36 Bodkin Arrow
26:39 Chain Mail Armor
28:13 Padded Archer Armor
29:30 Thumb Ring
29:56 Ballistics
31:15 Gold Mining
32:40 Bow Saw
33:24 Forging
33:33 Fervor
35:43 Arson
39:07 Imperial Age
37:40 Wheelbarrow
39:46 Elite Shotel Warrior
44:32 Chemistry
45:10 Arbalester
46:34 Bracer
lacheisleuk
0:28 Loom
15:38 Feudal Age
17:06 Man-at-Arms
17:35 Double-Bit Axe
23:05 Castle Age
21:42 Fishing Lines
21:47 Horse Collar
23:18 Long Swordsman
24:10 Fletching
24:21 Crossbowman
25:32 Bow Saw
26:59 Murder Holes
29:15 Fortified Wall
30:45 Forging
30:36 Scale Mail Armor
31:59 Padded Archer Armor
33:27 Wheelbarrow
33:40 Town Watch
34:12 Leather Archer Armor
35:34 Caravan
36:06 Scale Barding Armor
36:16 Chain Mail Armor
36:11 Squires
35:50 Pikeman
36:52 Ballistics
37:30 Gillnets
38:39 Iron Casting
38:17 Stone Mining
38:18 Gold Mining
38:32 Heavy Plow
41:31 Gold Shaft Mining
41:44 Bloodlines
41:35 Husbandry
40:56 Light Cavalry
42:48 Hand Cart
42:35 Bodkin Arrow
47:03 Imperial Age
46:10 Chain Barding Armor
46:10 Town Patrol
46:12 Guard Tower
46:33 Masonry
46:30 Ballistas
48:25 Conscription
47:38 Sappers
49:31 Comitatenses
48:39 Halberdier
48:55 Capped Ram
48:57 Heavy Scorpion
50:43 Guilds
50:36 Legionary
53:32 Chemistry
53:03 Architecture
52:38 Siege Engineers
52:30 Crossbowman
56:08 Blast Furnace
55:39 Ring Archer Armor
DostiL [CL]
0:34 Loom
11:56 Feudal Age
13:11 Double-Bit Axe
16:46 Castle Age
14:56 Horse Collar
19:47 Heavy Plow
20:37 Bow Saw
22:47 Town Watch
25:57 Scale Barding Armor
26:20 Man-at-Arms
26:45 Gambesons
27:27 Bloodlines
27:56 Chain Barding Armor
27:29 Long Swordsman
28:27 Gold Mining
29:41 Forging
29:29 Stone Mining
31:14 Iron Casting
34:42 Imperial Age
32:26 Scale Mail Armor
33:11 Wheelbarrow
34:41 Hand Cart
34:26 Town Patrol
35:12 Chain Mail Armor
34:53 Cavalier
34:57 Two-Handed Swordsman
36:23 Champion
38:15 Plate Barding Armor
44:53 Blast Furnace
46:10 Caravan
47:41 Stone Shaft Mining
47:59 Plate Mail Armor
47:19 Fletching
47:46 Elite Skirmisher
48:29 Padded Archer Armor
48:40 Elite Teutonic Knight
50:04 Bodkin Arrow
50:24 Leather Archer Armor
50:33 Ballistics
51:13 Chemistry
52:53 Ring Archer Armor
52:58 Paladin
Perejil
8:33 Loom
13:08 Feudal Age
17:39 Castle Age
17:10 Double-Bit Axe
17:07 Horse Collar
19:50 Squires
20:45 Arson
21:28 Scale Mail Armor
26:27 Heavy Plow
30:00 Chain Mail Armor
33:03 Bow Saw
37:26 Imperial Age
34:33 Pikeman
35:57 Gambesons
39:01 Illumination
38:59 Gold Mining
40:12 Two-Man Saw
40:23 Wheelbarrow
41:41 Stone Mining
43:38 Conscription
43:34 Caravan
45:01 Onager
47:24 Chemistry
48:17 Siege Engineers
48:21 Fletching
48:40 Scale Barding Armor
50:28 Hand Cart
54:19 Forging
54:30 Chain Barding Armor
54:43 Elite Jarl
Connection lost

Rejoining the realm…

Still unreachable

The connection could not be restored.

Session expired

The server has moved on; the page needs a fresh start.